Cogmind - Beta 9.1 @@@ ROGUE MODE // 2019.11.01 @ 23:08:00 Player: mako Result: Self-destructed Performance ------------- Evolutions (2) 1000 Regions Visited (4) 800 Robots Destroyed (24) 120 Value Destroyed (561) 561 Prototype IDs (0) 0 Alien Tech Used (0) 0 Bonus (0) 0 TOTAL SCORE: 2481 Bonus ------- None Cogmind --------- Core Integrity 503/550 Matter 275/300 Energy 250/250 System Corruption 0% Temperature Cool (0) Location -8/Materials Parts ------- Power (1) Ion Engine Propulsion (3) Light Treads Light Treads Light Treads Utility (5) Large Storage Unit Advanced Sensor Array Targeting Computer Targeting Computer Propulsion Shielding Weapon (2) Particle Cannon Inventory (10) Light Ion Engine Light Nuclear Core Light Treads Aluminum Leg Aluminum Leg Aluminum Leg Improved Heat Sink High-capacity Matter Pod (34) Recalibrator Peak State ------------ Power Ion Engine Propulsion Aluminum Leg Aluminum Leg Aluminum Leg Utility Large Storage Unit Advanced Sensor Array Targeting Computer Targeting Computer Propulsion Shielding Weapon Medium Laser Particle Cannon Inventory Light Ion Engine Light Nuclear Core Light Treads Light Treads Improved Heat Sink High-capacity Matter Pod Recalibrator [Rating: 15] Favorites ----------- Power Light Ion Engine Engine Light Ion Engine Propulsion Light Treads Treads Light Treads Leg Aluminum Leg Utility Large Storage Unit Device Improved Terrain Scanner Storage Large Storage Unit Processor Seismic Analyzer Protection Propulsion Shielding Weapon Medium Laser Energy Gun Medium Laser Energy Cannon Particle Cannon Ballistic Gun Light Assault Rifle Launcher Grenade Launcher Build | -11 -10 -9 -9 -8 ------- Run | Scr Mat Mat Min Mat Slots Evolved 4 | . . 2 . 2 Power . | . . . . . Propulsion 1 | . . . . 1 Utility 3 | . . 2 . 1 Weapon . | . . . . . Parts Attached 36 | 8 6 14 . 8 Power 3 | 1 . 2 . . Engine 3 | 1 . 2 . . Core . | . . . . . Reactor . | . . . . . Propulsion 9 | 2 . 1 . 6 Treads 6 | 2 . 1 . 3 Leg 3 | . . . . 3 Wheel . | . . . . . Hover . | . . . . . Flight . | . . . . . Utility 11 | 2 1 6 . 2 Device 4 | 1 . 2 . 1 Storage 3 | 1 1 1 . . Processor 3 | . . 3 . . Hackware . | . . . . . Protection 1 | . . . . 1 Artifact . | . . . . . Weapon 13 | 3 5 5 . . Energy Gun 6 | 2 1 3 . . Energy Cannon 2 | . . 2 . . Ballistic Gun 2 | 1 1 . . . Ballistic Cannon . | . . . . . Launcher 3 | . 3 . . . Special Weapon . | . . . . . Impact Weapon . | . . . . . Slashing Weapon . | . . . . . Piercing Weapon . | . . . . . Special Melee Weapon . | . . . . . Unidentified Prototypes . | . . . . . Parts Lost 6 | . . 5 . 1 Power 1 | . . 1 . . Propulsion 1 | . . 1 . . Utility . | . . . . . Weapon 4 | . . 3 . 1 Highest Loss Streak 3 | . . 3 . 1 Average Slot Usage (%) 99 | . 100 99 100 98 Engine 11 | . 14 10 11 9 Treads 22 | . 28 22 22 9 Leg 1 | . . . . 18 Device 14 | . 14 15 . 6 Storage 11 | . 14 11 11 9 Processor 13 | . . 16 33 21 Energy Gun 10 | . 16 9 11 7 Energy Cannon 1 | . . . 11 9 Ballistic Gun 8 | . 7 10 . . Launcher 1 | . 4 1 . . Naked Turns . | . . . . . Heaviest Build 29 | 12 25 27 27 29 Greatest Support 60 | 40 40 40 40 60 Greatest Overweight (x) 1 | . . . . 1 Average Overweight (x) . | . . . . . Largest Inventory Capacity 10 | 6 10 10 10 10 Average Capacity 8 | 5 8 10 10 10 Most Carried 10 | 6 10 10 8 10 Average Carried 7 | 4 7 8 8 7 Final Capacity 10 | 6 10 10 10 10 Final Carried 10 | 6 10 8 8 9 Class Distribution -------------------- 61% | Mutant 38% | Skirmisher Dominant Class ---------------- Mutant | -10/Materials Skirmisher | -9/Materials Mutant | -9/Mines Mutant | -8/Materials Resources | -11 -10 -9 -9 -8 ----------- Run | Scr Mat Mat Min Mat Matter Collected 627 | 280 84 204 . 59 Remotely . | . . . . . Salvage Created 710 | 133 230 288 . 59 Parts 44 | 8 14 19 . 3 Haulers Intercepted 1 | . . 1 . . Recyclers Shooed 3 | 1 . 2 . . Parts Field Recycled . | . . . . . Retrieved Matter . | . . . . . Parts Self-Destructed . | . . . . . Prevented . | . . . . . Kills | -11 -10 -9 -9 -8 ------- Run | Scr Mat Mat Min Mat Combat Hostiles Destroyed 13 | . 4 8 . 1 Guns 8 | . 2 5 . 1 Cannons 2 | . . 2 . . AOE 3 | . 2 1 . . Classes Destroyed 11 | 3 4 3 . 1 Worker 1 | 1 . . . . Builder 1 | . . 1 . . Tunneler 2 | 2 . . . . Hauler 1 | . . 1 . . Recycler 2 | 1 1 . . . Mechanic 1 | . 1 . . . Operator 2 | . 1 1 . . Watcher 1 | . 1 . . . Swarmer 4 | . . 4 . . Grunt 8 | . 4 4 . . Sentry 1 | . . . . 1 Best Kill Streak 4 | 2 3 4 . 1 Combat Bots Only 4 | . 2 4 . 1 Max Kills in Single Turn 2 | 1 2 2 . 1 Gunslinging . | . . . . . Exploded 1 | . 1 1 . . Melee . | . . . . . Uniques/NPCs Destroyed . | . . . . . Combat | -11 -10 -9 -9 -8 -------- Run | Scr Mat Mat Min Mat Damage Taken 1152 | . 257 603 . 292 Core 250 | . 36 167 . 47 Absorbed by Shields . | . . . . . Core Remaining (%) 81 | 100 85 . 58 . Volleys Fired 63 | 12 20 27 . 4 Largest 2 | 2 2 2 . 2 Hottest 118 | 100 100 118 . 118 Shots Fired 122 | 20 40 54 . 8 Gun 103 | 20 37 42 . 4 Cannon 13 | . . 9 . 4 Launcher 6 | . 3 3 . . Special . | . . . . . Kinetic 37 | . 15 22 . . Thermal 79 | 20 22 29 . 8 Explosive 6 | . 3 3 . . Electromagnetic . | . . . . . Robot Hit Streak 12 | 4 9 12 . 5 Robot Miss Streak 3 | 1 2 3 . 1 Penetration Max . | . . . . . Secondary Targets . | . . . . . Shots Hit Robots 81 | 12 27 36 . 6 Core Hits 42 | 5 16 19 . 2 Critical Hits . | . . . . . Critical Kills . | . . . . . Critical Parts Destroyed . | . . . . . Melee Attacks . | . . . . . Impact . | . . . . . Slashing . | . . . . . Piercing . | . . . . . Sneak Attacks . | . . . . . Combat Hostiles . | . . . . . Follow-up Attacks . | . . . . . Damage Inflicted 1324 | 151 448 636 . 89 Guns 738 | 151 250 288 . 49 Cannons 123 | . . 83 . 40 Explosions 453 | . 198 255 . . Melee . | . . . . . Ramming 10 | . . 10 . . Kinetic 177 | . 88 89 . . Thermal 684 | 151 162 282 . 89 Explosive 453 | . 198 255 . . Electromagnetic . | . . . . . Impact . | . . . . . Slashing . | . . . . . Piercing . | . . . . . Highest Corruption . | . . . . . Average Corruption . | . . . . . Corruption Purged . | . . . . . Overload Shots . | . . . . . Overflow Damage 9 | . . 9 . . Projectiles . | . . . . . Explosions 9 | . . 9 . . Melee . | . . . . . Knockbacks . | . . . . . Impact . | . . . . . Kinetic . | . . . . . Secondary . | . . . . . Self-Inflicted Damage 233 | . 28 205 . . Shots 5 | . 1 4 . . Rammed 2 | . . 2 . . Targets Rammed 2 | . . 2 . . Kicked . | . . . . . Crushed . | . . . . . Highest Temperature 282 | 156 282 240 . 183 Average Temperature 80 | 47 100 78 . 98 Received Heat Transfer 366 | . 126 186 . 54 Siege Activations . | . . . . . Robots Corrupted . | . . . . . Combat Hostiles . | . . . . . Parts Fried . | . . . . . Impact Corruptions . | . . . . . Robots Melted . | . . . . . Combat Hostiles . | . . . . . Parts Melted 3 | . 2 . . 1 Heat Transferred 1887 | 444 481 740 . 222 Parts Sabotaged . | . . . . . Parts Stolen . | . . . . . Parts Stripped . | . . . . . Power Chain Reactions . | . . . . . Missiles Intercepted . | . . . . . Alert | -11 -10 -9 -9 -8 ------- Run | Scr Mat Mat Min Mat Peak Influence 205 | 20 150 205 34 73 Average Influence 62 | 11 72 82 34 32 Maximum Alert Level 1 | . . 1 . . Low Security (%) 87 | . . . . . Level 1 12 | . . . . . Level 2 . | . . . . . Level 3 . | . . . . . Level 4 . | . . . . . Level 5 . | . . . . . High Security . | . . . . . Max Security . | . . . . . Squads Dispatched 3 | . 1 2 . . Investigation 1 | . . 1 . . Extermination . | . . . . . Reinforcement 2 | . 1 1 . . Assault . | . . . . . Garrison . | . . . . . Intercept . | . . . . . Construction Impeded . | . . . . . Haulers Reinforced . | . . . . . Stealth | -11 -10 -9 -9 -8 --------- Run | Scr Mat Mat Min Mat Distress Signals 2 | . . 1 . 1 Communications Jammed . | . . . . . Distress Signals . | . . . . . Times Spotted 30 | . 9 11 . 10 Peak Tracking Total 8 | . 2 6 . 8 Tactical Retreats . | . . . . . Traps | -11 -10 -9 -9 -8 ------- Run | Scr Mat Mat Min Mat Traps Triggered 1 | . . 1 . . Indirectly . | . . . . . Trap Hack Attempts . | . . . . . Triggered . | . . . . . Disarmed . | . . . . . Reprogrammed . | . . . . . Reused . | . . . . . Traps Extracted . | . . . . . Installed . | . . . . . Triggered . | . . . . . Machines | -11 -10 -9 -9 -8 ---------- Run | Scr Mat Mat Min Mat Machines Disabled 7 | . . 7 . . Max in Single Turn 4 | . . 4 . . Machines Sabotaged . | . . . . . Garrisons Compromised . | . . . . . Overloaded Fab Kills . | . . . . . Fab Network Shutdowns . | . . . . . Hacking | -11 -10 -9 -9 -8 --------- Run | Scr Mat Mat Min Mat Machines Accessed . | . . . . . Terminals . | . . . . . Fabricators . | . . . . . Repair Stations . | . . . . . Recycling Units . | . . . . . Scanalyzers . | . . . . . Garrison Access . | . . . . . Total Hacks . | . . . . . Successful . | . . . . . Failed . | . . . . . Catastrophic . | . . . . . Database Lockouts . | . . . . . Manual . | . . . . . Terminals . | . . . . . Fabricators . | . . . . . Repair Stations . | . . . . . Recycling Units . | . . . . . Scanalyzers . | . . . . . Garrison Access . | . . . . . Terminal Hacks . | . . . . . Fabricator Hacks . | . . . . . Repair Station Hacks . | . . . . . Recycling Unit Hacks . | . . . . . Scanalyzer . | . . . . . Garrison Access Hacks . | . . . . . Unauthorized Hacks . | . . . . . Terminals . | . . . . . Fabricators . | . . . . . Repair Stations . | . . . . . Recycling Units . | . . . . . Scanalyzers . | . . . . . Garrison Access . | . . . . . Data Cores Recovered . | . . . . . Used . | . . . . . Hacking Detections . | . . . . . Full Trace Events . | . . . . . Feedback Events . | . . . . . Feedback Blocked . | . . . . . Robot Schematics Acquired . | . . . . . Robots Built . | . . . . . Matter . | . . . . . Time . | . . . . . Total Robot Build Rating . | . . . . . Part Schematics Acquired . | . . . . . Parts Built . | . . . . . Matter . | . . . . . Time . | . . . . . Total Part Build Rating . | . . . . . Parts Repaired . | . . . . . Time . | . . . . . Parts Recycled . | . . . . . Recycled Matter . | . . . . . Retrieved Matter . | . . . . . Retrieved Components . | . . . . . Parts Scanalyzed . | . . . . . Part Schematics Acquired . | . . . . . Parts Damaged . | . . . . . Bothacking | -11 -10 -9 -9 -8 ------------ Run | Scr Mat Mat Min Mat Used RIF Installer . | . . . . . Robots Hacked . | . . . . . Non-combat . | . . . . . Combat . | . . . . . Robot Hacks Applied . | . . . . . Relay Couplers Released . | . . . . . Robots Rewired . | . . . . . Allies Hacked . | . . . . . Hacks Repelled . | . . . . . Allies | -11 -10 -9 -9 -8 -------- Run | Scr Mat Mat Min Mat Total Allies . | . . . . . Largest Group . | . . . . . Highest-Rated Group . | . . . . . Highest-Rated Ally . | . . . . . Total Orders . | . . . . . Ally Attacks . | . . . . . Total Damage . | . . . . . Kills . | . . . . . Allies Corrupted . | . . . . . Allies Melted . | . . . . . Intel | -11 -10 -9 -9 -8 ------- Run | Scr Mat Mat Min Mat Robot Analysis Total . | . . . . . Derelict Logs Recovered . | . . . . . Drone Launches . | . . . . . Drone Recoveries . | . . . . . Exploration | -11 -10 -9 -9 -8 ------------- Run | Scr Mat Mat Min Mat Turns Passed 1780 | 336 337 928 32 147 Spaces Moved 733 | 133 156 332 21 91 Core 4 | 4 . . . . Treads 665 | 129 156 332 21 27 Legs 64 | . . . . 64 Wheels . | . . . . . Hover . | . . . . . Flight . | . . . . . Fastest Speed 50 | 50 160 160 160 120 Average Speed 155 | 156 160 160 160 132 Slowest Speed 180 | 160 160 160 160 180 Overloaded Moves . | . . . . . Propulsion Burnouts . | . . . . . Robots Hopped . | . . . . . Cave-ins Triggered . | . . . . . Exploration Rate (%) 19 | 8 34 36 9 10 Regions Visited 4 Branch Regions 1 Pre-discovered Areas . | . . . . . Known Exits Taken . | . . . . . Unknown Exits Taken 4 | 1 1 1 1 . Scrap Searched . | . . . . . Spaces Dug . | . . . . . Terrain Destroyed 49 | . 15 34 . . Melee . | . . . . . Projectile . | . . . . . AOE 49 | . 15 34 . . Actions | -11 -10 -9 -9 -8 --------- Run | Scr Mat Mat Min Mat Total 1247 | 237 205 677 20 108 Wait 388 | 79 17 292 . . Move 729 | 132 155 331 20 91 Hop . | . . . . . Pick Up 19 | 6 5 6 . 2 Fast Attach 11 | 7 . 2 . 2 Attach 10 | . . 7 . 3 Detach 2 | . . . . 2 Swap 15 | 1 6 5 . 3 Drop 8 | . 2 5 . 1 Fire 63 | 12 20 27 . 4 Melee . | . . . . . Ram . | . . . . . Kick . | . . . . . Crush 2 | . . 2 . . Escape Stasis . | . . . . . Rewire . | . . . . . Trap . | . . . . . Miscellaneous . | . . . . . Route ------- -11/Scrapyard -10/Materials (discovered 2 exits: [*Mat] / [Min]) -9/Materials -9/Mines -8/Materials History --------- Turn | Location | Event 37 | -11/Scrapyard | Discovered new exit (range 16) 337 | -11/Scrapyard | Entered Materials 338 | -10/Materials | Build established: Mutant 595 | -10/Materials | Discovered new exit (range 16) 633 | -10/Materials | Discovered new exit (range 16) 674 | -10/Materials | Entered another Materials area 674 | -9/Materials | Evolved 2 slots: Utility x2 874 | -9/Materials | Lost 3 parts (1p1n1w) 964 | -9/Materials | Build established: Skirmisher 1534 | -9/Materials | Discovered new exit (range 15) 1602 | -9/Materials | Entered Mines 1609 | -9/Mines | Discovered new exit (range 15) 1613 | -9/Mines | Met a Derelict bent on vengeance 1634 | -9/Mines | Entered Materials 1634 | -8/Materials | Evolved 2 slots: Propulsion x1, Utility x1 1659 | -8/Materials | Build established: Mutant 1781 | -8/Materials | Self-destructed Last Messages --------------- K-01 Serf collects debris. EXIT=FOUND K-01 Serf collects debris. PARAMETERS=PROPULSION_1,UTILITY_1 LOCATION=UNKNOWN GOAL=ESCAPE Acquired Lgt. Nuclear Core. Discarded Seismic Analyzer. Acquired Adv. Sensor Array. Imp. Ion Engine melted. Y-45 Defender destroyed. Acquired 59 matter. Acquired Lgt. Treads. W-25 Informer sends out distress signal. Med. Laser destroyed. Slug penetrates Wall. Penetrated by Slug. C-30 ARC bursts open, deploying its payload. S-10 Pest unfolds itself. Slug penetrates Wall. Map ----- +----------------------------------------------------+ | ?????????????????????############## #??????????? | | ?????????????????????# # #??????????? | | ?????????????????????# """ """ # #??????????? | | ?????????????????????# """ "T" # #??????????? | | ?????????????????????# """ # #??????????? | | ?????????????????????# # #??????????? | | ?????????????????????########+##### #####??????? | | ????????????????????????#### #??????? | | ????????????????????????# #??????? | | ????????????????????????# #??????? | | ?????????????????????#### ############??????? | | ?????????????????????# # #??????????? | | ?????????????????????# # #??????????? | | ????????????????###### + """ #??????????? | | ????????????????T # """ #??????????? | | ??????????????? # """ #??????????? | | ?????????????? # #??????????? | | ??????????????? % ? ########??????????? | | ??????????????? #? """ #????????? | | ????????????????""" """ """ #? "Y" #????????? | | ??????????????? """ """ """ # #????????? | | ?????????????# """ s""" """ # !#????????? | | ?????????????# s + #???????? | | ?????????????# s # === #????????? | | ?????????????# ####;#### ## == #????????? | | ?????????????????????# @#?# #?? == !#????????? | | ?????????????????????# T #?# #?? #????????? | | ?????????????????????# #?# #???+######????????? | | ?????????????????????#=== ### #### #?????????????? | | ?????????????????????#== + #?????????????? | | ?????????????????????#== ######## #?????????????? | | ?????????????????????# #??????????????????????? | | ?????????????????????# ###### #????????????? | | ?????????????????????# ! + ???????? | | ?????????????????????### ####### ???????? | | ???????????????????????###???????????????????????? | | ?????????????????????????????????????????????????? | | ?????????????????????????????????????????????????? | | ?????????????????????????????????????????????????? | | ?????????????????????????????????????????????????? | | ?????????????????????????????????????????????????? | | ?????????????????????????????????????????????????? | | ?????????????????????????????????????????????????? | | ?????????????????????????????????????????????????? | | ?????????????????????????????????????????????????? | | ?????????????????????????????????????????????????? | | ?????????????????????????????????????????????????? | | ?????????????????????????????????????????????????? | | ?????????????????????????????????????????????????? | | ?????????????????????????????????????????????????? | +----------------------------------------------------+ Best States ------------- Heat Dissipation 31 Energy Generation 10 Energy Capacity 250 Matter Stores 300 Matter Capacity 300 Sight Range 16 Robot Scan Range 16 Terrain Scan Range 16 Terrain Scan Density 60 Propulsion Shielding 33 Evasion (%) 40 Targeting Accuracy 10 Recoil Reduction 3 Item Schematics ----------------- None Robot Schematics ------------------ None Fabricated ------------ Nothing Alien Tech Used ----------------- None Achievements -------------- None Challenges ------------ None Game ------ Seed SlugRocketAccelerator Manual? 0 Play Time 00:21:22 Cumulative 8.3 hours Start 2019.11.01 @ 22:49:06 End 2019.11.01 @ 23:08:00 Sessions 1 Manual Loads 0 Difficulty Rogue Special Mode None Game No. 20 Rogue 20 Adventurer 0 Explorer 0 Win Type - Total 0 Types 0/0/0/0/0/0/0 Lore% 5 Gallery% 15 Achievement% 14 Wizard Run 0 Options --------- ASCII 0 Keyboard 0 Movement Mouse Keybinds 0 Fullscreen 1 Font 18/SmallcapsGlow Map View 76x50 Tactical HUD 0 Map Filters NONE Filters NONE Steam 1 RUN: 04975d8a-13cb-4689-bfbf-ed1129528511